AoeStats
← JDTChief

Arena

510807467Analyzed
4v4 RM · 15h ago on Oct 2, 2026· 48m 28s· 8 players
Game mode
Random Map
Map size
Large (8 player)
Population
200
Speed
Normal
Resources
Standard
Victory
Conquest
Starting age
Dark Age
Ending age
Imperial Age
RankedLock teamsTeams togetherTeam positionsShared explorationLock speedFull tech treeHidden civsTurbo modeCheats
Victory
Defeat
🇲🇽 Wei · Mexico
1215
+11
🇫🇮 Persians · Finland
1168
+13
🇨🇴 Britons · Colombia
1127
+14
🇨🇱 Saxons · Chile
1044
+17
🇹🇼 Mongols · Taiwan
1110
-15
🇺🇸 Danes · United States
1093
-14
🇸🇪 Bohemians · Sweden
1077
-13
🇸🇪 Burgundians · Sweden
1076
-13
JDTChief
5:15 Loom
11:08 Feudal Age
11:54 Double-Bit Axe
16:13 Castle Age
14:28 Horse Collar
16:03 Gold Mining
18:41 Arson
18:59 Scale Mail Armor
19:28 Heavy Plow
21:25 Forging
23:30 Bow Saw
27:36 Imperial Age
26:00 Squires
25:48 Gambesons
26:53 Hamask
28:26 Pikeman
30:02 Wheelbarrow
30:46 Chain Mail Armor
33:38 Plate Mail Armor
33:50 Halberdier
41:23 Fletching
41:31 Murder Holes
45:21 Conscription
45:47 Hand Cart
48:27 Bodkin Arrow
George
10:30 Feudal Age
14:43 Castle Age
12:59 Double-Bit Axe
13:16 Horse Collar
20:18 Loom
25:44 Wheelbarrow
30:00 Imperial Age
27:47 Fletching
28:09 Bloodlines
28:00 Husbandry
28:06 Husbandry
29:03 Bodkin Arrow
29:10 Padded Archer Armor
29:58 Bow Saw
30:14 Gold Mining
31:39 Ballistics
33:53 Hand Cart
33:24 Town Watch
34:45 Bracer
36:56 Thumb Ring
37:25 Elite Mangudai
39:07 Chemistry
38:15 Nomads
38:07 Elite Steppe Lancer
38:12 Heavy Camel Rider
39:04 Scale Barding Armor
39:10 Forging
41:12 Chain Barding Armor
41:21 Heavy Plow
45:52 Iron Casting
46:01 Leather Archer Armor
48:00 Blast Furnace
Oture
11:48 Feudal Age
15:31 Castle Age
16:41 Double-Bit Axe
16:38 Horse Collar
18:13 Gold Mining
20:58 Wheelbarrow
23:05 Scale Barding Armor
24:04 Bow Saw
24:49 Forging
28:19 Heavy Plow
29:26 Hand Cart
31:50 Imperial Age
30:02 Loom
31:01 Cavalier
33:04 Chain Barding Armor
32:49 Husbandry
34:46 Plate Barding Armor
35:44 Conscription
35:36 Fletching
36:19 Bodkin Arrow
38:06 Gold Shaft Mining
38:38 Iron Casting
38:12 Elite Skirmisher
39:17 Padded Archer Armor
39:55 Bracer
40:56 Blast Furnace
40:41 Leather Archer Armor
40:48 Ballistics
40:53 Paladin
Wulture
10:35 Feudal Age
15:58 Castle Age
17:37 Double-Bit Axe
20:21 Loom
29:40 Wheelbarrow
29:19 Fervor
34:02 Imperial Age
34:44 Chemistry
39:19 Elite Skirmisher
40:36 Hand Cart
48:15 Padded Archer Armor
48:05 Fletching
48:29 Siege Engineers
ACI Paradoja
8:14 Loom
10:46 Feudal Age
14:28 Castle Age
12:55 Double-Bit Axe
13:17 Horse Collar
21:58 Loom
22:52 Wheelbarrow
26:18 Bow Saw
32:19 Imperial Age
30:37 Gold Mining
30:38 Stone Mining
31:00 Heavy Plow
30:59 Town Watch
32:38 Hand Cart
32:44 Hand Cart
32:29 Town Patrol
33:30 Gold Shaft Mining
33:21 Forging
33:16 Scale Barding Armor
33:34 Conscription
34:12 Ming Guang Armor
33:15 Pikeman
33:55 Squires
34:08 Scale Mail Armor
34:46 Iron Casting
35:50 Bloodlines
35:41 Husbandry
35:26 Heavy Hei Guang Cavalry
36:27 Light Cavalry
40:28 Blast Furnace
39:50 Chain Barding Armor
41:43 Stone Shaft Mining
42:28 Hussar
ACI Ummagumma
11:28 Feudal Age
15:50 Castle Age
13:45 Double-Bit Axe
14:27 Gold Mining
16:13 Crossbowman
18:49 Ballistics
18:21 Fletching
25:19 Stone Mining
26:06 Gold Shaft Mining
27:00 Bow Saw
32:59 Imperial Age
31:28 Wheelbarrow
31:32 Bodkin Arrow
33:11 Hand Cart
33:46 Bracer
34:49 Chemistry
33:35 Arbalester
35:09 Pikeman
36:30 Scale Mail Armor
37:11 Halberdier
39:41 Forging
39:47 Chain Mail Armor
44:14 Squires
44:48 Plate Mail Armor
44:54 Iron Casting
44:20 Padded Archer Armor
48:20 Blast Furnace
48:41 Loom
GENIACO
9:39 Feudal Age
14:02 Castle Age
11:49 Double-Bit Axe
14:32 Loom
15:15 Town Watch
15:30 Horse Collar
22:03 Masonry
24:27 Heavy Plow
24:41 Bow Saw
25:39 Sanctity
26:24 Gold Mining
26:27 Stone Mining
31:50 Imperial Age
29:10 Clerical Recruitment
33:26 Gold Shaft Mining
33:35 Architecture
34:49 Wheelbarrow
34:21 Town Patrol
36:27 Wheelbarrow
36:50 Treadmill Crane
40:11 Hand Cart
40:33 Crop Rotation
43:07 Elite Hearth Troop
44:08 Conscription
47:32 Hoardings
47:29 Scale Mail Armor
47:38 Squires
47:24 Arson
Milla Magia
10:34 Feudal Age
11:41 Horse Collar
14:18 Castle Age
12:10 Double-Bit Axe
15:23 Bow Saw
20:54 Wheelbarrow
21:07 Gold Mining
21:53 Stone Mining
22:56 Loom
24:26 Hand Cart
27:16 Imperial Age
26:19 Scale Barding Armor
26:25 Forging
26:42 Town Watch
28:32 Chain Barding Armor
28:47 Iron Casting
28:31 Cavalier
29:58 Plate Barding Armor
29:51 Conscription
30:15 Gold Shaft Mining
30:13 Bloodlines
30:03 Husbandry
31:52 Blast Furnace
30:44 Savar
31:22 Fletching
31:57 Ballistics
31:36 Murder Holes
34:39 Masonry
34:54 Ballistics
35:53 Hoardings
Connection lost

Rejoining the realm…

Still unreachable

The connection could not be restored.

Session expired

The server has moved on; the page needs a fresh start.